cohdb
Replays
Latest Replays
All Replays
Popular Replays
Top Player Replays
Match Explorer
How It Works
Community
CoH3 Stats
Reddit
Sign in to upload your games and track your stats! →
Sign in with Steam
Match 46244431
Unlisted
Match 46244431
Overview
Messages
Build Orders
End
Panzergrenadier Squad
250 Light Carrier
Panzergrenadier Squad
Construct Light Support Kompanie
MG34 Team
Fire Support Elements
Panzerjäger Squad
Selects Panzerjäger Kommand Battlegroup
Selects Tank Busters
Flakvierling Half-track
Veteran Squad Leaders
DebaKLeTV
alloverU LIKEARASH
Angrybirds
Kannamix
0
0
Comments
sign in to comment!
No comments posted yet!